 Dungeon Crawl Stone Soup version 0.19-a0-139-gefc6d61 (webtiles) character file.

1 Duffy the Sneak (level 1, 0/9 HPs)
             Began as a Spriggan Enchanter on May 17, 2016.
             Slain by a giant gecko (2 damage)
             ... on level 2 of the Dungeon.
             The game lasted 00:00:26 (107 turns).

Duffy the Sneak (Spriggan Enchanter)                 Turns: 107, Time: 00:00:26

Health: 0/9        AC:  3    Str:  4    XL:     1   Next: 16%
Magic:  5/5        EV: 18    Int: 16    God:
Gold:   13         SH:  0    Dex: 16    Spells: 1 memorised, 4 levels left

rFire  . . .     SeeInvis +     a - +1 dagger
rCold  . . .     Gourm    .     b - +1 robe
rNeg   . . .     Faith    .     (shield restricted)
rPois  .         Spirit   .     (helmet restricted)
rElec  .         Dismiss  .     (no cloak)
rCorr  .         Reflect  .     (gloves unavailable)
SustAt .         Harm     .     (boots unavailable)
MR     .....                    (no amulet)
Stlth  +++.......               (no ring)
                                (no ring)

@: very quick, not resistant to hostile enchantments, fairly stealthy
A: unfitting armour, see invisible, herbivore 3, speed 3, slow metabolism 2
a: no special abilities


You were on level 2 of the Dungeon.
You were not hungry.

You visited 1 branch of the dungeon, and saw 2 of its levels.

You collected 13 gold pieces.


Innate Abilities, Weirdness & Mutations

You are tiny and cannot use many weapons and most armour.
You have supernaturally acute eyesight.
You are a herbivore.
You cover ground extremely quickly.
You need consume almost no food.


   Skills:
 + Level 1.2 Short Blades
 - Level 3.0 Dodging
 + Level 4.5 Stealth
 - Level 2.6 Spellcasting
 - Level 3.6 Hexes


You had 4 spell levels left.
You knew the following spells:

 Your Spells              Type           Power        Failure   Level  Hunger
a - Corona                Hex            ##.....      6%          1    #......

Inventory:

Hand Weapons
 a - a +1 dagger (weapon)
Armour
 b - a +1 robe (worn)
Scrolls
 e - a scroll of identify {unknown}
 f - a scroll of blinking {unknown}
Books
 c - a book of Maledictions
Comestibles
 d - a bread ration

Dungeon Overview and Level Annotations

Branches:
Dungeon (2/15)

Altars:


Message History

You are too injured to fight recklessly!
You are too injured to fight recklessly!
You are too injured to fight recklessly!
You are too injured to fight recklessly!
You are too injured to fight recklessly!
You are too injured to fight recklessly!
You are too injured to fight recklessly!
You are too injured to fight recklessly!
You are too injured to fight recklessly!
You are too injured to fight recklessly!
You are too injured to fight recklessly!
You are too injured to fight recklessly!
You are too injured to fight recklessly!
You are too injured to fight recklessly!
You hit the jackal.
You kill the jackal!
The jackal completely misses you.
Found a meat ration.
Found a scroll labeled PEALUH ZACE and 19 bolts.
Found a green potion.
f - a scroll labeled FYLIERCHATAQ
Found a stone staircase leading down.
A giant gecko comes into view.
Found 2 cyan potions.
A kobold comes into view. It is wielding a club.
The giant gecko moves out of view.
Found a spear and a scroll labeled TOKEF RAGYOTON.
Found a stone staircase leading down.
Found 15 arrows.
There is a stone staircase leading down here.
The giant gecko misses you.
You climb downwards.
There is a stone staircase leading up here.
You closely miss the giant gecko. The giant gecko misses you.
You hit the giant gecko.
The giant gecko is lightly wounded.
The giant gecko bites you but does no damage.
You closely miss the giant gecko.
The giant gecko is lightly wounded.
The giant gecko bites you.
You barely miss the giant gecko.
The giant gecko is lightly wounded.
The giant gecko misses you. The giant gecko barely misses you.
You hit the giant gecko.
The giant gecko is moderately wounded.
The giant gecko barely misses you.
You closely miss the giant gecko.
The giant gecko is moderately wounded.
The giant gecko bites you.
You die... ######### #@l...... #########

You could see a giant gecko.

Action                   || total
-------------------------++-------
Melee: Dagger            ||    18
Armor: Robe              ||     2
Dodge: Dodged            ||    16

Notes
Turn   | Place    | Note
--------------------------------------------------------------
     0 | D:1      | Duffy the Spriggan Enchanter began the quest for the Orb.
     0 | D:1      | Reached XP level 1. HP: 9/9 MP: 5/5
   107 | D:2      | Slain by a giant gecko

Vault maps used:
D:1:      dpeg_arrival_stone_temple_mockup
D:2:      kennysheep_slug_shrine

Vanquished Creatures
  A jackal
1 creature vanquished.
